 Dungeon Crawl Stone Soup version 0.26-a0-504-g0cf647090d (webtiles) character file.

Game seed: 7931807901057911381

5 KristoblXynda the Ducker (level 1, -2/16 HPs)
             Began as a Vampire Gladiator on Aug 8, 2020.
             Slain by a gnoll
             ... wielding a +0 spear
              (10 damage)
             ... on level 1 of the Dungeon.
             The game lasted 00:00:19 (205 turns).

KristoblXynda the Ducker (Vampire Gladiator)         Turns: 205, Time: 00:00:20

Health: -2/16      AC:  4    Str: 13    XL:     1   Next: 66%
Magic:  1/1        EV: 13    Int: 10    God:
Gold:   26         SH:  0    Dex: 15    Spells: 0/0 levels left

rFire    . . .     SeeInvis +   a - +0 long sword
rCold    . . .     Faith    .   (no shield)
rNeg     . . .     Spirit   .   b - +0 leather armour
rPois    .         Reflect  .   c - +0 helmet
rElec    .         Harm     .   (no cloak)
rCorr    .                      (no gloves)
MR       .....                  (no boots)
Stlth    +.........             (no amulet)
HPRegen  0.25/turn              (no ring)
MPRegen  0.07/turn              (no ring)

@: regenerating quickly
A: fangs 3, see invisible, unbreathing
a: Exsanguinate


You were on level 1 of the Dungeon.
You visited 1 branch of the dungeon, and saw 1 of its levels.

You collected 26 gold pieces.

Inventory:

Hand Weapons
 a - a +0 long sword (weapon)
Missiles
 d - 3 throwing nets (quivered)
Armour
 b - a +0 leather armour (worn)
 c - a +0 helmet (worn)
Jewellery
 f - an uncursed amulet of the acrobat {unknown}
 i - an uncursed ring of poison resistance {unknown}
Scrolls
 e - 2 scrolls of immolation {unknown}
 g - a scroll of identify {unknown}
 h - a scroll of fog {unknown}
 k - a scroll of remove curse {unknown}
Potions
 j - 2 potions of haste {unknown}


   Skills:
 + Level 1.9 Fighting
 + Level 3.1 Long Blades
 + Level 1.6 Throwing
 + Level 3.3 Dodging


You couldn't memorise any spells.
You didn't know any spells.
Your spell library was empty.

Dungeon Overview and Level Annotations

Branches:
Dungeon (1/15)

Altars:


Innate Abilities, Weirdness & Mutations

Your natural rate of healing is unusually fast.
You have razor-sharp teeth.
You have supernaturally acute eyesight. (SInv)
You can survive without breathing.


Message History

You see here a glowing mace.
You open the door.
A gnoll comes into view. It is wielding a +0 spear.
The gnoll shouts!
You hear an angry hiss.
There is an open door here.
A frilled lizard comes into view.
The frilled lizard hisses angrily.
Found a leather armour.
A rat comes into view.
The gnoll hits you from afar with a +0 spear.
Found a fizzy green potion.
There is an open door here.
You hit the frilled lizard.
You kill the frilled lizard!
The gnoll hits you from afar with a +0 spear!
The gnoll hits you with a +0 spear.
There is an open door here.
You barely miss the gnoll. The gnoll hits you with a +0 spear!
Ouch! That really hurt!
You die...

#####'## #......#
#......# #......#
#####'####
######.......#
#............#
##########............#
.[......g@...)........#
#.....r.##............#
........#######.......#
!.......# #.......#
........# #########
........# ........#
.......## .......


You could see a gnoll and a rat.

Vanquished Creatures
  2 kobolds (D:1)
  2 frilled lizards (D:1)
  A goblin (D:1)
  A rat (D:1)
6 creatures vanquished.

Notes
Turn   | Place    | Note
-------+----------+-------------------------------------------
     0 | D:1      | KristoblXynda the Vampire Gladiator began the quest for the
                  | Orb.
     0 | D:1      | Reached XP level 1. HP: 16/16 MP: 1/1
   205 | D:1      | Slain by a gnoll

Illustrated notes

Levels and vault maps discovered:
D:1:      psy_arrival_conway, layout_basic, nemelex_xobeh_ov_fountains_minmay

Action                   || total
-------------------------++-------
Melee: Long sword        ||    23
       Bite              ||     3
 Stab: Sleeping          ||     1
Armor: Leather armour    ||     5
Dodge: Dodged            ||    13
       Rpst.: Long sword ||     5

Table legend: (Time is in decaauts)
 A = Elapsed time spent in this place.
 B = Non-inter-level travel time spent in this place.
 C = Inter-level travel time spent in this place.
 D = Time resting spent in this place.
 E = Time spent auto-exploring this place.
 F = Levels seen in this place.
 G = Mean time per level.
                   A        B        C        D        E       F      G
               +--------+--------+--------+--------+--------+-----+--------+
         Total |    211 |    211 |      0 |      0 |    143 |   1 |  211.0 |
       Dungeon |    211 |    211 |      0 |      0 |    143 |   1 |  211.0 |
               +--------+--------+--------+--------+--------+-----+--------+

Top non-repeatable levels by time:
     D:1: 211 daAuts
